 Dungeon Crawl Stone Soup version 0.31-a0-246-g8cbcc1cb85 (webtiles) character file.

Game seed: 6738206128909025363

26 qw the Shooter (level 3, -3/21 HPs)
             Began as a Gargoyle Hexslinger on July 12, 2023.
             Slain by a cerulean imp
             ... wielding a +1 spear
             ... summoned by Natasha
              (4 damage)
             ... on level 2 of the Dungeon.
             The game lasted 00:00:17 (885 turns).

qw the Shooter (Gargoyle Hexslinger)                 Turns: 885, Time: 00:00:18

Health: -3/21      AC:  6    Str: 11    XL:     3   Next: 8%
Magic:  4/4        EV: 11    Int: 13    God:
Gold:   55         SH:  0    Dex: 14    Spells: 3/4 levels left

rFire   . . .        Y - +1 sling
rCold   . . .        (no shield)
rNeg    + . .        d - +0 leather armour
rPois   inf          (no helmet)
rElec   +            (no cloak)
rCorr   .            (no gloves)
SInv    .            (no boots)
Will    .....        (no amulet)
Stlth   +            (no ring)
HPRegen 0.23/turn    (no ring)
MPRegen 0.09/turn

%: no passive effects
@: slowed, very slow
A: sickness immunity, AC +3, negative energy resistance 1, electricity
resistance, torment resistance 1, petrification resistance
a: no special abilities


You were on level 2 of the Dungeon.
You visited 1 branch of the dungeon, and saw 2 of its levels.

You collected 55 gold pieces.


Innate Abilities, Weirdness & Mutations

You are immune to sickness and miasma.
Your stone body is resilient. (AC +3)
You are immune to poison.
You resist negative energy. (rN+)
You are resistant to electric shocks. (rElec)
You are resistant to unholy torment.
You are immune to petrification.


   Skills:
 - Level 2.0 Fighting
 + Level 3.0 Ranged Weapons
 - Level 1.5 Dodging
 - Level 1.0 Spellcasting
 - Level 2.6 Hexes


You had 3 spell levels left.
You knew the following spells:

 Your Spells              Type           Power      Damage    Failure   Level
a - Slow                  Hex            28%        N/A       12%         1

Your spell library contained the following spells:

 Spells                   Type           Power      Damage    Failure   Level
 Inner Flame              Hex/Fire       4%         N/A       54%         3
 Portal Projectile        Hex/Tloc       8%         N/A       54%         3
 Cause Fear               Hex            3%         N/A       77%         4

Inventory:

Hand Weapons
 Y - a +1 sling (weapon)
Armour
 d - a +0 leather armour (worn)
Jewellery
 c - a +5 ring of evasion
 f - a ring of protection from cold
Scrolls
 a - a scroll of brand weapon {unknown}
 b - a scroll of noise {unknown}
 e - 3 scrolls of identify {unknown}

Dungeon Overview and Level Annotations

Branches:
Dungeon (2/15)

Altars:

Annotations:
D:2 Natasha


Message History

You shoot a sling bullet. The sling bullet hits Natasha.
Natasha is moderately wounded.
Natasha mumbles some strange words.
877 ||| Stepping ~*~*~tactically~*~*~ (outnumbered).
You start waiting.
Natasha is nearby!
You shoot a sling bullet.
The sling bullet closely misses Natasha.
Natasha claws you but does no damage.
You shoot a sling bullet. The sling bullet misses Natasha.
The cerulean imp hits you but does no damage.
Natasha claws you.
The cerulean imp hits you from afar with a +1 spear.
Natasha claws you.
You shoot a sling bullet.
The sling bullet hits Natasha but does no damage.
Natasha is moderately wounded.
The cerulean imp barely misses you. Natasha barely misses you.
The cerulean imp hits you from afar with a +1 spear.
Natasha claws you but does no damage.
You shoot a sling bullet. The sling bullet barely misses Natasha.
The cerulean imp hits you from afar with a +1 spear.
Natasha closely misses you.
The cerulean imp hits you but does no damage.
You shoot a sling bullet.
The sling bullet closely misses Natasha.
Natasha misses you.
The cerulean imp hits you from afar with a +1 spear.
Natasha casts a spell at you. You resist with significant effort.
The cerulean imp hits you but does no damage.
You shoot a sling bullet. The sling bullet barely misses Natasha.
Natasha mumbles some strange words.
The cerulean imp hits you from afar with a +1 spear.
Natasha closely misses you. The cerulean imp closely misses you.
You shoot a sling bullet.
The sling bullet closely misses Natasha.
Natasha claws you.
The cerulean imp hits you from afar with a +1 spear.
You die...

.........#.#
#..........#
########.#..
#......#.#.#
#.#.#
#......#?#
#.#.####......#
#
#.#.....#####.#
#.#.....# .#
#.#.....# .#
#.#.....# .#
#.#@##### #.#h#
#.#.5...h.5
#.######### ###
#.# #.#<# #.#
#.#.# #.# #.#.#
#.###### #.#.#
#.....(# #.#.#


You could see Natasha and a cerulean imp (summoned).

Vanquished Creatures
  An endoplasm (D:1)
  2 giant cockroaches
  3 goblins
  6 hobgoblins
  4 kobolds (D:1)
  A ball python (D:1)
  2 bats (D:1)
  4 rats
23 creatures vanquished.

Notes
Turn   | Place    | Note
-------+----------+-------------------------------------------
     0 | D:1      | qw the Gargoyle Hexslinger began the quest for the Orb.
     0 | D:1      | Reached XP level 1. HP: 12/12 MP: 2/2
     0 | D:1      | 0 ||| qw: Version: 0.3-a-52-g30416fa
     0 | D:1      | 0 ||| qw: Game counter: 6376
     0 | D:1      | 0 ||| qw: Melee chars always use a shield: true
     0 | D:1      | 0 ||| qw: God list: Okawaru
     0 | D:1      | 0 ||| qw: Allow faded altars: false
     0 | D:1      | 0 ||| qw: Do Orc after clearing Dungeon:15 true
     0 | D:1      | 0 ||| qw: Do second Lair branch before Depths: true
     0 | D:1      | 0 ||| qw: Lair rune preference: random
     0 | D:1      | 0 ||| qw: Goals: Normal
     0 | D:1      | 0 ||| PLANNING D:1-11
    18 | D:1      | 18 ||| Stepping ~*~*~tactically~*~*~ (water).
    20 | D:1      | 20 ||| Stepping ~*~*~tactically~*~*~ (water).
    44 | D:1      | 44 ||| Stepping ~*~*~tactically~*~*~ (water).
   124 | D:1      | Reached XP level 2. HP: 16/16 MP: 3/3
   233 | D:1      | Reached skill level 3 in Ranged Weapons
   671 | D:1      | 671 ||| UPGRADING to +0 leather armour.
   681 | D:1      | 681 ||| DROPPING +0 robe.
   682 | D:1      | 682 ||| READING scroll labelled QAOHIEDE LAPNO.
   683 | D:1      | 683 ||| DROPPING scroll of poison.
   763 | D:2      | Reached XP level 3. HP: 21/21 MP: 4/4
   874 | D:2      | Noticed Natasha
   877 | D:2      | 877 ||| Stepping ~*~*~tactically~*~*~ (outnumbered).
   883 | D:2      | HP: 5/21 [cerulean imp/+1 spear[Natasha] (1)]
   885 | D:2      | HP: 1/21 [Natasha (3)]
   885 | D:2      | Slain by a cerulean imp

Levels and vault maps discovered:
D:1:      lightli_arrival_maybe_door_vault, layout_basic, serial_bayou_lagoon_b
D:2:      layout_basic, kennysheep_generic_room_6, uniq_natasha

Skill      XL: |  1  2 |
---------------+-------+-----
Ranged Weapons | 3 |  3.0
Fighting       | 2 |  2.0
Dodging        | |  1.5
Spellcasting   | |  1.0
Hexes          | |  2.6

Action                     || total
---------------------------++-------
   Fire: Sling             ||    66
    Use: Scroll            ||     1
 Armour: Robe              ||     6
         Leather armour    ||     7
  Dodge: Dodged            ||    17

Table legend:
 A = Non-vault XP
 B = Vault XP
 C = Vault XP percentage of total XP
 D = Non-vault monster count
 E = Vault monster count
 F = Vault count percentage of total count
                 A         B        C        D         E       F
            +---------+---------+-------+---------+---------+-------
      Total |      36 |       2 |   5.3 |      22 |       1 |   4.3
            +---------+---------+-------+---------+---------+-------
        D:1 |      31 |       0 |   0.0 |      19 |       0 |   0.0
        D:2 |       5 |       2 |  28.6 |       3 |       1 |  25.0
            +---------+---------+-------+---------+---------+-------
